 Dungeon Crawl Stone Soup version 0.27.1 (webtiles) character file.

Game seed: 13238909427575380528

84 Naeght the Poker (level 4, -2/35 HPs)
             Began as a Merfolk Gladiator on Aug 27, 2021.
             Slain by Crazy Yiuf (7 damage)
             ... while petrified by Crazy Yiuf
             ... on level 2 of the Dungeon.
             The game lasted 00:01:52 (2970 turns).

Naeght the Poker (Merfolk Gladiator)                Turns: 2970, Time: 00:01:53

Health: -2/35      AC:  4    Str: 15    XL:     4   Next: 45%
Magic:  4/4        EV:  2    Int:  7    God:
Gold:   121        SH:  0    Dex: 15    Spells: 3/3 levels left

rFire    . . .     SeeInvis .   a - +0 trident
rCold    . . .     Faith    .   (no shield)
rNeg     + + +     Spirit   .   b - +0 leather armour
rPois    ∞         Reflect  .   c - +0 helmet
rElec    .         Harm     .   (no cloak)
rCorr    .         Rampage  .   (no gloves)
Will     .....                  (no boots)
Stlth    +.........             (no amulet)
HPRegen  0.11/turn              (no ring)
MPRegen  0.09/turn              (no ring)

@: lethally poisoned (-2 -> -2), petrified
A: (nimble swimmer 2), mertail
a: no special abilities


You were on level 2 of the Dungeon.
You visited 1 branch of the dungeon, and saw 2 of its levels.

You collected 121 gold pieces.

Inventory:

Hand Weapons
 a - a +0 trident (weapon)
Missiles
 d - 3 throwing nets
 e - 2 silver boomerangs (quivered)
Armour
 b - a +0 leather armour (worn)
 c - a +0 helmet (worn)
Scrolls
 f - a scroll of silence {unknown}
 g - a scroll of fear {unknown}
 h - a scroll of teleportation {unknown}


   Skills:
 + Level 3.1 Fighting
 * Level 6.1 Polearms
 - Level 2.0 Throwing
 + Level 4.8 Dodging


You had 3 spell levels left.
You didn't know any spells.
Your spell library contained the following spells:

 Spells                   Type           Power      Damage    Failure   Level
 Blink                    Tloc           N/A        N/A       65%         2
 Lesser Beckoning         Tloc           0%         N/A       86%         3
 Manifold Assault         Tloc           0%         N/A       100%        5


Dungeon Overview and Level Annotations

Branches:
Dungeon (2/15)

Altars:

Shops:
D:2 (

Annotations:
D:2 Crazy Yiuf


Innate Abilities, Weirdness & Mutations

((You are quick and stealthy near water. (Stealth+, EV+, Speed+++)))
Your lower body shifts to a powerful aquatic tail in water.


Message History

Crazy Yiuf is almost dead.
Crazy Yiuf hits you with a +3 quarterstaff of chaos.
You are poisoned.
Crazy Yiuf whimpers, "Race!"
Crazy Yiuf hits you with a +3 quarterstaff of chaos!
You are electrocuted!
Your limbs are stiffening.
Unknown command.
Unknown command.
Unknown command.
Unknown command.
Unknown command.
Unknown command.
Unknown command.
Unknown command.
Unknown command.
Unknown command.
Unknown command.
Unknown command.
Unknown command.
Unknown command.
Unknown command.
Unknown command.
Unknown command.
Unknown command.
Unknown command.
Unknown command.
Unknown command.
Unknown command.
Unknown command.
Unknown command.
You hit Crazy Yiuf.
Crazy Yiuf is almost dead.
* * * LOW HITPOINT WARNING * * *
You feel very sick.
Crazy Yiuf hits you with a +3 quarterstaff of chaos!
* * * LOW HITPOINT WARNING * * *
You are more poisoned.
You have turned to stone.
Crazy Yiuf hits you with a +3 quarterstaff of chaos!
You die...

#.........#
#.....#####
#.....#
##'####
##### #.#
#..)# ##
#.# #...#
.# #.# ...
.# #.# #g#
.# #.# ##@#
.# #.# #.##
.# #.# ##.#
.# #.# #.##
.# #.#
##.## .#
#.# #...##
## #.#
#....#
#.####
#....#
#....#
##..## ###


You could see Crazy Yiuf.

Vanquished Creatures
  4 adders (D:2)
  A dart slug (D:1)
  2 ball pythons
  3 endoplasms
  2 giant cockroaches (D:1)
  5 goblins (D:2)
  7 hobgoblins
  4 jackals (D:1)
  4 quokkas
  3 bats
  3 frilled lizards
  A kobold (D:2)
  2 rats (D:2)
41 creatures vanquished.

Notes
Turn   | Place    | Note
-------+----------+-------------------------------------------
     0 | D:1      | Naeght the Merfolk Gladiator began the quest for the Orb.
     0 | D:1      | Reached XP level 1. HP: 16/16 MP: 1/1
   356 | D:1      | Reached XP level 2. HP: 8/23 MP: 2/2
   363 | D:1      | HP: 1/23 [jackal (2)]
   799 | D:1      | Found a faded altar of an unknown god.
   802 | D:1      | Reached skill level 5 in Polearms
  1237 | D:1      | Reached XP level 3. HP: 16/28 MP: 3/3
  1984 | D:2      | Found a runed translucent door.
  1985 | D:2      | Noticed Crazy Yiuf
  2163 | D:2      | Found Plog's Antique Weapon Shop.
  2276 | D:2      | Reached XP level 4. HP: 25/34 MP: 4/4
  2444 | D:2      | Reached skill level 6 in Polearms
  2970 | D:2      | Slain by Crazy Yiuf

Illustrated notes

Levels and vault maps discovered:
D:1:      wheals_arrival_linesprint, layout_basic,
          shapermc_ecumenical_altar_mp_ritualfount
D:2:      layout_basic, serial_shops, nicolae_shop_behind_doors,
          minmay_misc_feat_iff, uniq_crazy_yiuf_cottage

Skill      XL: |  1  2  3  4 |
---------------+-------------+-----
Polearms       | 5 6 |  6.1
Fighting       | 3 |  3.1
Throwing       | |  2.0
Dodging        | |  4.8

Action                   |  1- 3 |  4- 6 || total
-------------------------+-------+-------++-------
Melee: Trident           |   108 |    29 ||   137
 Stab: Sleeping          |     3 |     2 ||     5
Armor: Leather armour    |    25 |     6 ||    31
Dodge: Dodged            |    60 |    12 ||    72
